 Dungeon Crawl Stone Soup version 0.30.1-9-gdf580d7c3d (webtiles) character file.

Game seed: 5106965061978842825

72 KittyFluff the Cudgeller (level 4, -1/29 HPs)
             Began as a Gargoyle Berserker on Oct 15, 2023.
             Was a Believer of Trog.
             Killed by nerve-wracking pain
             ... invoked by an orc priest
              (4 damage)
             ... on level 3 of the Dungeon.
             The game lasted 00:05:06 (1364 turns).

KittyFluff the Cudgeller (Gargoyle Berserker)       Turns: 1364, Time: 00:05:08

Health: -1/29      AC:  8    Str: 23    XL:     4   Next: 25%
Magic:  4/4        EV: 12    Int:  7    God:    Trog [**....]
Gold:   176        SH:  0    Dex: 15    Spells: 3/3 levels left

rFire   . . .        a - +0 mace
rCold   . . .        (no shield)
rNeg    + . .        p - +0 leather armour
rPois   ∞            (no helmet)
rElec   +            (no cloak)
rCorr   .            (no gloves)
SInv    .            j - +0 pair of boots
Will    .....        (no amulet)
Stlth   +            f - +6 ring of dexterity
HPRegen 0.24/turn    n - ring of flight
MPRegen 0.09/turn

%: no passive effects
@: flying
A: sickness immunity, AC +3, negative energy resistance 1, electricity
resistance, torment resistance 1, petrification resistance
a: Renounce Religion, Berserk, Trog's Hand


You were on level 3 of the Dungeon.
You worshipped Trog.
Trog was pleased with you.
You visited 1 branch of the dungeon, and saw 3 of its levels.

You collected 176 gold pieces.

Inventory:

Hand Weapons
 a - a +0 mace (weapon)
 l - a +0 sling
Armour
 j - a +0 pair of boots (worn)
 p - a +0 leather armour (worn)
Jewellery
 f - a +6 ring of dexterity (left hand)
 n - a ring of flight (right hand)
Scrolls
 b - a scroll of vulnerability {unknown}
 c - 2 scrolls of fear {unknown}
 d - a scroll of poison {unknown}
 e - 3 scrolls of amnesia {unknown}
 h - a scroll of immolation {unknown}
 i - 3 scrolls of summoning {unknown}
 o - a scroll of noise {unknown}
 r - a scroll of enchant armour {unknown}
 s - a scroll of identify {unknown}
 v - a scroll of teleportation {unknown}
Potions
 g - a potion of ambrosia {unknown}
 k - a potion of lignification {unknown}
 m - a potion of brilliance {unknown}
 q - 2 potions of attraction {unknown}
 t - a potion of flight {unknown}
 u - a potion of might {unknown}


   Skills:
 + Level 3.7 Fighting
 * Level 3.8 Maces & Flails
 * Level 3.2 Armour
 + Level 2.0 Dodging


You had 3 spell levels left.
You didn't know any spells.
Your spell library was empty.

Dungeon Overview and Level Annotations

Branches:
Dungeon (3/15)

Altars:


Innate Abilities, Weirdness & Mutations

You are immune to sickness and miasma.
Your stone body is resilient. (AC +3)
You are immune to poison.
You resist negative energy. (rN+)
You are resistant to electric shocks. (rElec)
You are resistant to unholy torment.
You are immune to petrification.


Message History

The adder is severely wounded.
The adder closely misses you. The adder bites you.
You sock the adder!
You kill the adder!
Trog accepts your kill.
You now have 176 gold pieces (gained 18).
Found a dagger.
You see here a +0 dagger.
There is a stone staircase leading down here.
You fly downwards.
There is a stone staircase leading up here.
An endoplasm comes into view.
Found a scroll labelled EFEVVIC ERAOHA.
The endoplasm quivers.
An orc priest comes into view. It is wielding a +0 trident.
An orc comes into view. It is wielding a +0 whip.
The endoplasm hits you.
You hit the endoplasm.
The endoplasm is lightly wounded.
The endoplasm barely misses you.
You hit the endoplasm.
You kill the endoplasm!
Trog accepts your kill.
The orc shouts!
You hear a shout!
An orc wizard comes into view. It is wielding a +0 dagger.
An orc priest comes into view. It is wielding a +0 antimagic dagger.
The orc priest shouts!
The orc wizard shouts!
The orc priest calls down the wrath of Beogh upon you.
Beogh smites you!
An orc comes into view. It is wielding a +0 dagger.
The orc shouts!
You hear an angry hiss.
The orc priest looks braver for a moment.
The orc barely misses you.
The orc priest invokes the aid of Beogh against you.
Beogh smites you!
Ouch! That really hurt!
* * * LOW HITPOINT WARNING * * *
The orc priest calls down the wrath of Beogh upon you.
Pain shoots through your body!
You die...

#..........#
#.####.#.#.#
.....#.#
#.#...#.#
##.##..#.#
.........#
.#.#.#..##
#.##.#
#.##@#
#..oo#
....##..# ##
#?o. #.###
.o ##. #. #.


You could see 2 orc priests, an orc wizard and an orc.

Vanquished Creatures
  3 adders (D:2)
  A worm (D:2)
  2 dart slugs (D:1)
  A ball python (D:1)
  3 endoplasms
  A giant cockroach (D:1)
  3 hobgoblins (D:1)
  5 jackals (D:1)
  5 kobolds (D:1)
  2 quokkas
  2 bats (D:1)
  3 frilled lizards (D:1)
  4 goblins
  2 rats (D:1)
37 creatures vanquished.

Notes
Turn   | Place    | Note
-------+----------+-------------------------------------------
     0 | D:1      | KittyFluff the Gargoyle Berserker began the quest for the
                  | Orb.
     0 | D:1      | Reached XP level 1. HP: 14/14 MP: 1/1
    74 | D:1      | Reached XP level 2. HP: 15/19 MP: 2/2
   368 | D:1      | Reached XP level 3. HP: 23/23 MP: 3/3
   454 | D:1      | Reached ** piety under Trog
  1002 | D:2      | Reached XP level 4. HP: 20/28 MP: 4/4
  1364 | D:3      | Killed from afar by an orc priest

Illustrated notes

Levels and vault maps discovered:
D:1:      co_arrival_hexagon_in_a_hexagon, layout_basic, minmay_pentomino_q4
D:2:      layout_loops_ring
D:3:      layout_basic, mainiacjoe_overflow_six_doors_small

Skill      XL: |  1  2  3 |
---------------+----------+-----
Armour         | 3 |  3.2
Dodging        | 2 |  2.0
Fighting       | |  3.7
Maces & Flails | |  3.8

Action                     |  1- 3 |  4- 6 || total
---------------------------+-------+-------++-------
  Melee: Mace              |   114 |    21 ||   135
         Punch             |     3 |     1 ||     4
   Stab: Sleeping          |       |     1 ||     1
 Armour: Animal skin       |    42 |       ||    42
         Leather armour    |    10 |     6 ||    16
  Dodge: Dodged            |    78 |    16 ||    94
